Cogmind - Beta 14 @@@ ROGUE MODE // 2024.11.10 @ 08:28:08 Player: Fangrelle Result: Self-destructed Performance ------------- Evolutions (4) 2000 Regions Visited (6) 1200 Robots Destroyed (33) 165 Value Destroyed (880) 880 Prototype IDs (5) 100 Alien Tech Used (0) 0 Bonus (368) 368 TOTAL SCORE: 4713 Bonus ------- Follower Combat Kills 68 Registered with UFD 300 Cogmind --------- Core Integrity 134/850 Matter 285/300 Energy 100/100 System Corruption 2% Temperature Cool (0) Movement Hovering (250) Ox4 Location -6/Factory Parts ------- > --- POWER (2) -------- (None) > --- PROPULSION (3) --- Cooled Aerolev Unit > --- UTILITY (6) ------ High-capacity Storage Unit > --- WEAPON (4) ------- Companion Sword > --- INVENTORY (20) --- Armored Treads Xenon Bombardment Thruster Xenon Bombardment Thruster Scrap Suit High-capacity Matter Pod (200) High-capacity Matter Pod (200) Authchip [Propulsion] Authchip [Weapon] Component Analysis Suite A0-MCA's Component Scanner Improved Spread Laser CPS Tube (2) CPS Tube (2) Peak State ------------ > --- POWER ------------ Improved Ion Engine Light Angular Momentum Engine > --- PROPULSION ------- Armored Treads Armored Wheel Armored Wheel > --- UTILITY ---------- Scrap Suit High-capacity Storage Unit Structural Scanner Improved Sensor Array Advanced Melee Analysis Suite > --- WEAPON ----------- Greatsword Power Sword Companion Sword > --- INVENTORY -------- Armored Treads Cooled Aerolev Unit Gravmag Array Xenon Bombardment Thruster Xenon Bombardment Thruster Scrap Suit High-capacity Matter Pod High-capacity Matter Pod Authchip [Propulsion] Authchip [Processor] Authchip [Weapon] Component Analysis Suite A0-MCA's Component Scanner System Restoration Module Improved Spread Laser CPS Tube CPS Tube Power Sword [Rating: 59] Favorites ----------- Power Light Nuclear Core Engine Light Ion Engine Power Core Light Nuclear Core Propulsion Armored Wheel Treads Light Treads Wheel Armored Wheel Hover Unit Cooled Aerolev Unit Utility High-capacity Storage Unit Device Structural Scanner Storage High-capacity Storage Unit Processor Targeting Computer Protection Improved Light Armor Plating Weapon Greatsword Energy Gun EM Shotgun Slashing Weapon Greatsword Build | -11 -10 -10 -10 -8 -8 -6 ------- Run | Yrd Mat Min Sub Rec Scr Fac Slots Evolved 8 | . . . . . . 8 Power 1 | . . . . . . 1 Propulsion 1 | . . . . . . 1 Utility 4 | . . . . . . 4 Weapon 2 | . . . . . . 2 Parts Attached 52 | 7 10 . 2 9 5 19 Power 7 | 1 . . . 1 1 4 Engine 4 | 1 . . . . 1 2 Core 3 | . . . . 1 . 2 Reactor . | . . . . . . . Propulsion 17 | 3 5 . 1 1 . 7 Treads 4 | 2 . . . . . 2 Leg . | . . . . . . . Wheel 7 | 1 3 . 1 1 . 1 Hover 6 | . 2 . . . . 4 Flight . | . . . . . . . Utility 15 | 1 3 . 1 3 3 4 Device 6 | . 2 . . . 1 3 Storage 5 | 1 1 . . 1 2 . Processor 2 | . . . . 1 . 1 Hackware . | . . . . . . . Protection 2 | . . . 1 1 . . Artifact . | . . . . . . . Weapon 13 | 2 2 . . 4 1 4 Energy Gun 7 | 2 2 . . 2 . 1 Energy Cannon . | . . . . . . . Ballistic Gun . | . . . . . . . Ballistic Cannon . | . . . . . . . Launcher . | . . . . . . . Special Weapon . | . . . . . . . Impact Weapon . | . . . . . . . Slashing Weapon 6 | . . . . 2 1 3 Piercing Weapon . | . . . . . . . Special Melee Weapon . | . . . . . . . Unidentified Prototypes 3 | . . . . . . 3 Parts Lost 22 | . . . 6 . . 16 Power 4 | . . . 1 . . 3 Propulsion 7 | . . . 2 . . 5 Utility 6 | . . . 1 . . 5 Weapon 5 | . . . 2 . . 3 Highest Loss Streak 13 | . . . 5 . . 13 To Critical Strikes 1 | . . . . . . 1 Average Slot Usage (%) 87 | . 95 100 86 88 84 70 Engine 6 | . 14 14 5 . 4 6 Core 6 | . . . . 12 9 . Treads 2 | . 17 . . . . 4 Wheel 23 | . 9 28 27 28 28 10 Device 5 | . 10 14 2 . 2 16 Storage 13 | . 14 14 14 14 14 6 Processor 1 | . . . . 6 . 4 Protection 6 | . . . 10 7 11 . Energy Gun 9 | . 28 28 25 11 . 1 Slashing Weapon 9 | . . . . 8 13 15 Peak Build Rating 59 | 6 13 13 13 23 25 59 Average Rating 21 | 4 8 13 11 18 23 47 On Entrance 12 | . 6 13 13 5 23 25 Naked Turns . | . . . . . . . Heaviest Build 74 | 12 30 30 32 53 55 74 Greatest Support 40 | 40 40 24 24 24 24 29 Greatest Overweight (x) 15 | 1 4 1 1 2 2 15 Average Overweight (x) 1 | . . 1 . 1 2 2 Largest Inventory Capacity 20 | 8 15 15 15 20 20 20 Average Capacity 17 | 7 9 15 15 19 20 20 Most Carried 20 | 4 15 15 15 20 20 20 Average Carried 16 | 2 7 14 14 17 19 17 Final Capacity 20 | 8 15 15 15 20 20 20 Final Carried 20 | 4 15 15 14 20 20 14 Class Distribution -------------------- 92% | Mutant 5% | Gladiator Dominant Class ---------------- Mutant | -10/Materials Mutant | -10/Mines Mutant | -10/Subcaves Mutant | -8/Recycling Mutant | -8/Scraptown Gladiator | -6/Factory Resources | -11 -10 -10 -10 -8 -8 -6 ----------- Run | Yrd Mat Min Sub Rec Scr Fac Matter Collected 1311 | 270 112 283 161 300 50 135 Remotely . | . . . . . . . Salvage Created 1198 | 100 402 125 120 111 . 340 Parts 75 | 4 26 16 5 5 . 19 Haulers Intercepted 1 | . 1 . . . . . Recyclers Shooed . | . . . . . . . Parts Field Recycled . | . . . . . . . Retrieved Matter . | . . . . . . . Parts Self-Destructed 9 | . . . 9 . . . Prevented . | . . . . . . . Kills | -11 -10 -10 -10 -8 -8 -6 ------- Run | Yrd Mat Min Sub Rec Scr Fac Combat Hostiles Destroyed 25 | . 5 10 3 1 . 6 Melee 7 | . . . . 1 . 6 Guns 16 | . 4 9 3 . . . AOE 2 | . 1 1 . . . . Classes Destroyed 11 | 1 4 1 2 1 . 2 Hauler 1 | . 1 . . . . . Recycler 2 | 1 . . . 1 . . Mechanic 1 | . 1 . . . . . Turret 1 | . . . 1 . . . Watcher 3 | . 3 . . . . . Swarmer 12 | . . 10 2 . . . Grunt 6 | . 5 . . . . 1 Sentry 3 | . . . . 1 . 2 Hunter 1 | . . . . . . 1 Programmer 2 | . . . . . . 2 Subdweller 1 | . . . 1 . . . Best Kill Streak 3 | 1 3 3 3 1 . 2 Combat Bots Only 3 | . 2 3 2 1 . 2 Max Kills in Single Turn 2 | 1 1 2 1 1 . 1 Gunslinging 1 | . . 1 . . . . Exploded 1 | . 1 1 . . . . Melee 1 | . . . . 1 . 1 Uniques/NPCs Destroyed . | . . . . . . . Combat | -11 -10 -10 -10 -8 -8 -6 -------- Run | Yrd Mat Min Sub Rec Scr Fac Hostile Shots Fired 326 | . 18 17 40 3 . 248 Missed 83 | . 7 5 14 1 . 56 Damage Taken 3173 | . 188 93 380 28 . 2484 Core 782 | . 34 21 11 . . 716 Absorbed by Shields . | . . . . . . . Core Remaining (%) 86 | 100 . . . . 73 . Volleys Fired 51 | 1 24 10 12 1 . 3 Largest 2 | 2 2 2 2 2 . 1 Hottest 90 | 80 80 90 90 90 . 75 Shots Fired 96 | 2 48 20 21 2 . 3 Gun 96 | 2 48 20 21 2 . 3 Cannon . | . . . . . . . Launcher . | . . . . . . . Special . | . . . . . . . Kinetic . | . . . . . . . Thermal 3 | . . . . . . 3 Explosive . | . . . . . . . Electromagnetic 93 | 2 48 20 21 2 . . Robot Hit Streak 22 | 2 6 7 14 . . 22 Robot Miss Streak 4 | . 2 4 3 . . 1 Penetration Max . | . . . . . . . Secondary Targets 6 | . 1 4 1 . . . Max Gunslinging Chain 1 | . 1 1 1 . . . Shots Hit Robots 95 | 2 31 16 19 4 . 23 Core Hits 57 | 2 17 13 9 2 . 14 Critical Kills . | . . . . . . . Critical Parts Destroyed . | . . . . . . . Critical Strikes 2 | . . . . . . 2 Sever 2 | . . . . . . 2 Melee Attacks 36 | . . . . 8 . 28 Impact . | . . . . . . . Slashing 36 | . . . . 8 . 28 Piercing . | . . . . . . . Sneak Attacks 3 | . . . . 2 . 1 Combat Hostiles 1 | . . . . 1 . . Follow-up Attacks 4 | . . . . . . 4 Damage Inflicted 2437 | 27 600 188 240 311 . 1071 Guns 991 | 27 482 143 240 . . 99 Cannons . | . . . . . . . Explosions 163 | . 118 45 . . . . Melee 1283 | . . . . 311 . 972 Ramming . | . . . . . . . Kinetic . | . . . . . . . Thermal 262 | . 118 45 . . . 99 Explosive . | . . . . . . . Electromagnetic 892 | 27 482 143 240 . . . Impact . | . . . . . . . Slashing 1283 | . . . . 311 . 972 Piercing . | . . . . . . . Highest Corruption 2 | . . . . . . 2 Average Corruption 1 | . . . . . . 1 Corruption Purged 1 | . . . . . . 1 Corruption Blocked . | . . . . . . . Overload Shots . | . . . . . . . Overflow Damage 47 | . . . . 41 . 6 Projectiles . | . . . . . . . Explosions . | . . . . . . . Melee 47 | . . . . 41 . 6 Knockbacks . | . . . . . . . Impact . | . . . . . . . Kinetic . | . . . . . . . Secondary . | . . . . . . . Self-Inflicted Damage 31 | . 31 . . . . . Shots 1 | . 1 . . . . . Rammed . | . . . . . . . Targets Rammed . | . . . . . . . Kicked . | . . . . . . . Crushed . | . . . . . . . Highest Temperature 144 | 18 144 90 23 36 . 66 Average Temperature 38 | 12 41 38 11 22 . 35 Received Heat Transfer 393 | . 99 . 177 . . 117 Siege Activations . | . . . . . . . Robots Corrupted . | . . . . . . . Combat Hostiles . | . . . . . . . Parts Fried 2 | . 1 . 1 . . . Impact Corruptions . | . . . . . . . Robots Melted . | . . . . . . . Combat Hostiles . | . . . . . . . Parts Melted 1 | . . . . . . 1 Heat Transferred 185 | . 100 . . . . 85 Parts Sabotaged 2 | . . . . . . 2 Parts Stolen . | . . . . . . . Parts Stripped . | . . . . . . . Power Chain Reactions 4 | . 3 1 . . . . Alert | -11 -10 -10 -10 -8 -8 -6 ------- Run | Yrd Mat Min Sub Rec Scr Fac Peak Influence 298 | 5 186 298 . 143 . 100 Initial 111 | . 3 8 . 111 . . Average 86 | . 64 153 . 96 . 35 Maximum Alert Level 1 | . . 1 . . . . Low Security (%) 94 | 100 100 76 . 100 . 100 Level 1 5 | . . 23 . . . . Level 2 . | . . . . . . . Level 3 . | . . . . . . . Level 4 . | . . . . . . . Level 5 . | . . . . . . . High Security . | . . . . . . . Max Security . | . . . . . . . Squads Dispatched 2 | . 1 . . . . 1 Investigation 1 | . 1 . . . . . Extermination . | . . . . . . . Reinforcement 1 | . . . . . . 1 Assault . | . . . . . . . Garrison . | . . . . . . . Intercept . | . . . . . . . Searches Triggered . | . . . . . . . Construction Impeded . | . . . . . . . Haulers Reinforced . | . . . . . . . Active Scanning Responses . | . . . . . . . Cargo Convoy Interrupts 1 | . . . . . . 1 Stealth | -11 -10 -10 -10 -8 -8 -6 --------- Run | Yrd Mat Min Sub Rec Scr Fac Distress Signals 2 | . . . . . . 2 Communications Jammed . | . . . . . . . Distress Signals . | . . . . . . . Times Spotted 59 | . 10 11 17 1 . 20 Peak Tracking Total 11 | . 3 3 6 1 . 11 Tactical Retreats 9 | . 1 1 3 . . 4 Traps | -11 -10 -10 -10 -8 -8 -6 ------- Run | Yrd Mat Min Sub Rec Scr Fac Traps Triggered 1 | . 1 . . . . . Indirectly . | . . . . . . . Trap Hack Attempts . | . . . . . . . Triggered . | . . . . . . . Disarmed . | . . . . . . . Reprogrammed . | . . . . . . . Reused . | . . . . . . . Traps Extracted . | . . . . . . . Installed . | . . . . . . . Triggered 3 | . . 2 . . . 1 Machines | -11 -10 -10 -10 -8 -8 -6 ---------- Run | Yrd Mat Min Sub Rec Scr Fac Machines Disabled 4 | . 1 1 1 1 . . Max in Single Turn 1 | . 1 1 . 1 . . Machines Repaired . | . . . . . . . Machines Dismantled . | . . . . . . . Machines Sabotaged . | . . . . . . . Overloaded Fab Kills . | . . . . . . . Hacking | -11 -10 -10 -10 -8 -8 -6 --------- Run | Yrd Mat Min Sub Rec Scr Fac Machines Accessed 33 | . 10 1 . 14 7 1 Terminals 16 | . 8 1 . 6 . 1 Fabricators . | . . . . . . . Repair Stations . | . . . . . . . Recycling Units 8 | . 2 . . 6 . . Scanalyzers . | . . . . . . . Garrison Access . | . . . . . . . Total Hacks 145 | . 35 2 . 58 47 3 Successful 116 | . 19 1 . 47 47 2 Failed 29 | . 16 1 . 11 . 1 Catastrophic 4 | . 2 . . 2 . . Database Lockouts . | . . . . . . . Manual 62 | . 31 2 . 26 . 3 Terminals 58 | . 32 2 . 21 . 3 Fabricators . | . . . . . . . Repair Stations . | . . . . . . . Recycling Units 16 | . 3 . . 13 . . Scanalyzers . | . . . . . . . Garrison Access . | . . . . . . . Terminal Hacks 79 | . 5 1 . 26 47 . Record 70 | . . . . 24 46 . Robot Analysis 3 | . 2 . . 1 . . Prototype ID Bank 1 | . 1 . . . . . Open Door 1 | . . . . . 1 . Terminal Index 1 | . 1 . . . . . Zone Layout 3 | . 1 1 . 1 . . Fabricator Hacks . | . . . . . . . Repair Station Hacks . | . . . . . . . Recycling Unit Hacks 7 | . 2 . . 5 . . Report Inventory 6 | . 2 . . 4 . . Retrieve Components 1 | . . . . 1 . . Scanalyzer . | . . . . . . . Garrison Access Hacks . | . . . . . . . Unauthorized Hacks 30 | . 12 . . 16 . 2 Terminals 24 | . 11 . . 11 . 2 Assimilate 3 | . 3 . . . . . Botnet 13 | . 6 . . 6 . 1 Disrupt 1 | . 1 . . . . . Operators 2 | . 1 . . 1 . . Skim 5 | . . . . 4 . 1 Fabricators . | . . . . . . . Repair Stations . | . . . . . . . Recycling Units 6 | . 1 . . 5 . . Tunnel 6 | . 1 . . 5 . . Scanalyzers . | . . . . . . . Garrison Access . | . . . . . . . Data Cores Recovered . | . . . . . . . Used . | . . . . . . . Hacking Detections 19 | . 10 1 . 8 . . Full Trace Events 2 | . 1 . . 1 . . Feedback Events . | . . . . . . . Feedback Blocked . | . . . . . . . Robot Schematics Acquired . | . . . . . . . Robots Built . | . . . . . . . Authchips . | . . . . . . . Time . | . . . . . . . Total Robot Build Rating . | . . . . . . . Part Schematics Acquired . | . . . . . . . Parts Built . | . . . . . . . Authchips . | . . . . . . . Time . | . . . . . . . Total Part Build Rating . | . . . . . . . Parts Repaired . | . . . . . . . Time . | . . . . . . . Parts Recycled . | . . . . . . . Recycled Matter . | . . . . . . . Retrieved Matter . | . . . . . . . Retrieved Components 3 | . . . . 3 . . Parts Scanalyzed . | . . . . . . . Part Schematics Acquired . | . . . . . . . Parts Damaged . | . . . . . . . Bothacking | -11 -10 -10 -10 -8 -8 -6 ------------ Run | Yrd Mat Min Sub Rec Scr Fac Used RIF Installer . | . . . . . . . Robots Hacked . | . . . . . . . Non-combat . | . . . . . . . Combat . | . . . . . . . Robot Hacks Applied . | . . . . . . . Relay Couplers Released . | . . . . . . . Fabnet Peak Effective % . | . . . . . . . Robots Rewired . | . . . . . . . Allies Hacked . | . . . . . . . Hacks Repelled . | . . . . . . . Allies | -11 -10 -10 -10 -8 -8 -6 -------- Run | Yrd Mat Min Sub Rec Scr Fac Total Allies 4 | . 1 3 . . . . Largest Group 4 | . 1 4 3 3 3 3 Highest-Rated Group 50 | . 10 50 42 42 42 42 Highest-Rated Ally 16 | . 10 16 16 16 16 16 Total Orders 13 | . . . 10 . . 3 STAY 8 | . . . 5 . . 3 FOLLOW 5 | . . . 5 . . . Ally Attacks 30 | . . 12 18 . . . Total Damage 360 | . . 104 256 . . . Kills 7 | . . 2 5 . . . Allies Corrupted . | . . . . . . . Allies Melted . | . . . . . . . Intel | -11 -10 -10 -10 -8 -8 -6 ------- Run | Yrd Mat Min Sub Rec Scr Fac Robot Analysis Total 3 | . 2 . . 1 . . Derelict Logs Recovered 2 | . . 2 . . . . Drone Launches . | . . . . . . . Drone Recoveries . | . . . . . . . Exploration | -11 -10 -10 -10 -8 -8 -6 ------------- Run | Yrd Mat Min Sub Rec Scr Fac Turns Passed 7944 | 112 1135 891 348 995 3776 687 Spaces Moved 6120 | 63 734 782 286 729 3103 423 Core 8 | 5 1 . . . . 2 Treads 434 | 57 376 . . . . 1 Legs . | . . . . . . . Wheels 5600 | 1 353 782 286 729 3103 346 Hover 78 | . 4 . . . . 74 Flight . | . . . . . . . Fastest Speed 50 | 50 90 105 90 90 120 101 Average Speed 118 | 152 130 105 104 117 120 125 Slowest Speed 800 | 160 250 105 105 120 120 800 Overloaded Moves . | . . . . . . . Propulsion Burnouts . | . . . . . . . Robots Hopped . | . . . . . . . Cave-ins Triggered . | . . . . . . . Exploration Rate (%) 57 | 5 89 99 8 99 92 10 Regions Visited 6 Branch Regions 4 Pre-discovered Areas 6 | . 1 . . 5 . . Known Exits Taken . | . . . . . . . Unknown Exits Taken 6 | 1 1 1 1 1 1 . Scrap Searched 7 | . . 1 . . 6 . Spaces Dug 4 | . . . . . . 4 Terrain Destroyed 22 | . 15 3 . . . 4 Melee 4 | . . . . . . 4 Projectile . | . . . . . . . AOE 18 | . 15 3 . . . . Terrain Rammed . | . . . . . . . Walls Destroyed . | . . . . . . . Machines Disabled . | . . . . . . . Actions | -11 -10 -10 -10 -8 -8 -6 --------- Run | Yrd Mat Min Sub Rec Scr Fac Total 6652 | 74 869 832 315 856 3169 537 Wait 260 | . 63 39 13 82 8 55 Move 6114 | 62 733 781 285 728 3102 423 Hop . | . . . . . . . Pick Up 75 | 3 22 1 1 17 24 7 Fast Attach 26 | 7 6 . 1 2 1 9 Attach 17 | . . . 1 5 2 9 Detach 4 | 1 . . . 1 1 1 Swap 9 | . 4 . . 2 2 1 Drop 65 | . 17 1 2 10 29 6 Fire 51 | 1 24 10 12 1 . 3 Melee 31 | . . . . 8 . 23 Ram . | . . . . . . . Kick . | . . . . . . . Crush . | . . . . . . . Escape Stasis . | . . . . . . . Rewire . | . . . . . . . Trap . | . . . . . . . Miscellaneous . | . . . . . . . Route ------- -11/Scrapyard -10/Materials (discovered 5 exits: [*Mat x3] / *Min / [Sub]) -10/Mines (discovered 3 exits: [*Mat x2] / [*Sub]) -10/Subcaves -8/Recycling (discovered 2 exits: *Fac / *Scr) -8/Scraptown (discovered 2 exits: *Fac x2) -6/Factory History --------- Turn | Location | Event 8 | -11/Scrapyard | Discovered new exit (range 16) 113 | -11/Scrapyard | Entered Materials 258 | -10/Materials | Discovered new exit (range 12) 304 | -10/Materials | Build established: Mutant 414 | -10/Materials | Discovered new exit (range 12) 797 | -10/Materials | Discovered new exit (range 15) 1036 | -10/Materials | Discovered new exit (range 10) 1095 | -10/Materials | Discovered new exit (range 6) 1248 | -10/Materials | Entered Mines 1248 | -10/Mines | Accompanied by 1 ally 1298 | -10/Mines | Assisted by bots powering up and referring to "LRC-V3" 1375 | -10/Mines | A weapon hastily lodged in a ceiling crevice suddenly fell to the ground 1395 | -10/Mines | Discovered new exit (range 5) 1788 | -10/Mines | Discovered new exit (range 6) 2111 | -10/Mines | Discovered new exit (range 7) 2139 | -10/Mines | Entered Subcaves 2139 | -10/Subcaves | Accompanied by 3 allies 2219 | -10/Subcaves | Shifting Twisted Machinery released Sub. Laser 2272 | -10/Subcaves | Discovered new exit (range 13) 2487 | -10/Subcaves | Entered Recycling 2487 | -8/Recycling | Accompanied by 3 allies 2488 | -8/Recycling | Joined Warlord attack on 0b10 via Recycling 2498 | -8/Recycling | Lost 5 parts (2n1u2w) 2964 | -8/Recycling | Discovered new exit (range 15) 3341 | -8/Recycling | Scanned before Scraplab entrance 3370 | -8/Recycling | Entered Scraplab 3387 | -8/Recycling | Discovered new exit (range 2) 3482 | -8/Recycling | Entered Scraptown 3482 | -8/Scraptown | Accompanied by 3 allies 3605 | -8/Scraptown | Visited UFD Registry 3605 | -8/Scraptown | Registered with UFD as "Kinetiplate" 3764 | -8/Scraptown | Visited A0-MCA Data Center 3772 | -8/Scraptown | Given a C+ rating by A0-MCA 3777 | -8/Scraptown | Found A0-MCA's Component Scanner 3844 | -8/Scraptown | Visited Sword Containment 3900 | -8/Scraptown | Visited Junk Repository 3936 | -8/Scraptown | Visited Junk Repository 3986 | -8/Scraptown | Visited Chapter 10 4070 | -8/Scraptown | Visited Scrapoid Pod Storage 4335 | -8/Scraptown | Visited Spacefarers 4348 | -8/Scraptown | Visited Shadow of the Wyrm 4374 | -8/Scraptown | Visited SPCMW 4401 | -8/Scraptown | Visited Red Mages 4673 | -8/Scraptown | Visited Comm Corps 5294 | -8/Scraptown | Visited Cyclists 5302 | -8/Scraptown | Entered Cyclist Reading Room 5336 | -8/Scraptown | Visited Cave Peace 5727 | -8/Scraptown | Discovered new exit (range 13) 6001 | -8/Scraptown | Visited DA-N13 Charitable Foundation 6016 | -8/Scraptown | Found DCF Scrap (30 items) 7095 | -8/Scraptown | Found Scrap Suit 7098 | -8/Scraptown | Found Scrap Suit 7118 | -8/Scraptown | Discovered new exit (range 3) 7188 | -8/Scraptown | Found Scrap Suit 7258 | -8/Scraptown | Entered Factory 7258 | -6/Factory | Accompanied by 3 allies 7258 | -6/Factory | Evolved 8 slots: Power x1, Propulsion x1, Utility x4, Weapon x2 7639 | -6/Factory | Build established: Gladiator 7792 | -6/Factory | Cargo convoy interrupted 7846 | -6/Factory | Core integrity fell below 50% 7882 | -6/Factory | Lost 13 parts (1p4n5u3w) 7938 | -6/Factory | Core integrity fell below 20% 7945 | -6/Factory | Self-destructed Last Messages --------------- 07851_ Wall collapses. 07851_ Penetrated by Slug. 07851_ Gravmag System destroyed. 07854_ Acquired Imp. Ion Engine. 07855_ U-05 Engineer builds a Wall. 07858_ Slug penetrates Wall. 07858_ Penetrated by Slug. Companion Sword: "Time to be sneaky." 07864_ ALERT: Suspicious intruders detected, dispatching Cutter reinforcements to area. 07867_ Penetrated by Slug. Companion Sword: "Taking on walls now, I see." 07874_ W-25 Informer sends out distress signal. 07889_ Imp. Ion Engine destroyed. 07907_ W-25 Informer sends out distress signal. 07911_ U-05 Engineer builds a Wall. 07928_ Acquired Lgt. Fission Core. 07933_ Penetrated by Slug. 07940_ Gravmag Array destroyed. 07940_ Lgt. Fission Core destroyed. 07943_ Penetrated by Slug. Map ----- +----------------------------------------------------+ | ?????????????????????????????????????????????????? | | ?????????????????????????????????????????????????? | | ?????????????????????????????????????????????????? | | ?????????????????????????????????????????????????? | | ?????????????????????????????????????????????????? | | ?????????????????????????????????????????????????? | | ?????????????????????????????????????????????????? | | ?????????????????????????????????????????????????? | | ?????????????????????????????????????????????????? | | ?????????????????????????????????????????????????? | | ?????????????????????????????????????????????????? | | ?????????????????????????###+#???????????????????? | | ????????????????????????? #????????????????? | | ????????????????????????? #????????????????? | | ????????????????????????? #????????????????? | | ????????????????????????? #????????????????? | | ????????????????????????? #????????????????? | | ????????????????????????# #????????????????? | | ????????????????????????# #????????????????? | | ????????????????????????# #????????????????? | | ????????????????????????# #????????????????? | | ????????????????????????# #????????????????? | | ????????????????????????# #????????????????? | | ????????????????????????# ####R ""?????????? | | ???????????############## u ""?????????? | | ???????????# #@ #????????????????? | | ???????????#[ """ """ # #????????????????? | | ???????????# """ """ # #????????????????? | | ???????????# """ """ # #????????????????? | | ???????????# # #????????????????? | | ???????????# """ """ # #????????????????? | | ???????????# """ """ # R #????????????????? | | ???????????# """ """ # #????????????????? | | ???????????# #hk #????????????????? | | ???????????#! + +????????????????? | | ???????????# # #????????????????? | | ?????###???# ] # #????????????????? | | ?##############/#########x ^ #????????????????? | | ?# # #???????# #????????????????? | | ?# """" # ######## #???????????????? | | ?# """ ""S"" # #???????????????? | | ?# """ "" "" # #???????????????? | | ?# """ # #???????????????? | | ?# / T *#???????????????? | | ?# """ """ # #???????????????? | | ?# """ """ # #???????????????? | | ?# """ """ # #???????????????? | | ?# ##"####### ?????????????????? | | ?# ## ### ???????????????????? | | ?# ! ## "" ##????????????????????????? | +----------------------------------------------------+ Best States ------------- Heat Dissipation 37 Energy Generation 25 Energy Capacity 315 Matter Stores 300 Matter Capacity 300 Sight Range 16 Robot Scan Range 15 Terrain Scan Density 10 Armor Coverage 150 Evasion (%) 42 Targeting Accuracy 5 Melee Accuracy 8 Recoil Reduction 2 Authchip Count 4 Item Schematics ----------------- None Robot Schematics ------------------ None Fabricated ------------ Nothing Alien Tech Used ----------------- None Achievements -------------- None Challenges ------------ None Game ------ Seed MicrowarpReflectiveCoupler Manual? 0 Play Time 00:58:21 Cumulative 39.6 hours Start 2024.11.10 @ 07:07:21 End 2024.11.10 @ 08:28:08 Sessions 5 Manual Loads 0 Difficulty Rogue Special Mode None Game No. 74 Rogue 74 Adventurer 0 Explorer 0 Win Type - Total 0 Types 0/0/0/0/0/0/0/0/0 Lore% 34 Gallery% 29 Achievement% 32 Wizard Run 0 Options --------- Layout 0 ASCII 0 Keyboard 0 Movement Mouse Keybinds 0 Fullscreen 1 Font 24/Smallcaps Map View 91x25 Zoom Use 69% Tactical HUD 1 Map Filters NONE Filters NONE Steam 1 RUN: 8709bfb1-b1c2-4900-990f-2f4e0c1a693b